 Dungeon Crawl Stone Soup version 0.26.1-11-gd32895ea62 (webtiles) character file.

Game seed: 2397118089127231159

412 manyhoops the Ruffian (level 6, -8/51 HPs)
             Began as a Palentonga Transmuter on Apr 16, 2021.
             Mangled by Menkaure (20 damage)
             ... on level 4 of the Dungeon.
             The game lasted 00:04:25 (3830 turns).

manyhoops the Ruffian (Palentonga Transmuter)       Turns: 3830, Time: 00:04:25

Health: -8/51      AC:  5    Str: 15    XL:     6   Next: 59%
Magic:  9/9        EV: 10    Int: 13    God:
Gold:   213        SH:  5    Dex: 11    Spells: 1/9 levels left

rFire    . . .     SeeInvis +     - Unarmed
rCold    . . .     Faith    .   g - +1 buckler
rNeg     . . .     Spirit   .   a - +0 robe
rPois    .         Reflect  .   (helmet currently unavailable)
rElec    .         Harm     .   o - +0 cloak
rCorr    .         Rampage  .   (no gloves)
Will     .....                  (no barding)
Stlth    +.........             (no amulet)
HPRegen  0.17/turn              k - ring of wizardry
MPRegen  0.11/turn              (no ring)

@: mighty, appendages
A: large, horns 2, talons 2, rugged brown scales 3, see invisible, deformed
body, roll 1, armoured tail
a: Rolling Charge, End Transformation


You were on level 4 of the Dungeon.
You had grown temporary horns.
You had grown temporary talons.
You visited 1 branch of the dungeon, and saw 4 of its levels.

You collected 213 gold pieces.

Inventory:

Armour
 a - a +0 robe (worn)
 g - a +1 buckler (worn)
 o - a +0 cloak (worn)
Jewellery
 k - a ring of wizardry (left hand)
Wands
 b - a wand of enslavement (5)
Scrolls
 c - 4 scrolls of remove curse
 e - 3 scrolls of enchant armour
 j - 2 scrolls of immolation {unknown}
 l - 2 scrolls of identify
 n - a scroll of amnesia {unknown}
Potions
 f - a potion of invisibility
 h - 3 potions of attraction {unknown}
 i - a potion of curing {unknown}
 m - a potion of flight {unknown}
 p - 2 potions of heal wounds {unknown}


   Skills:
 * Level 2.1 Fighting
 - Level 1.5 Dodging
 - Level 3.1 Shields
 + Level 4.4 Unarmed Combat
 - Level 2.0 Spellcasting
 - Level 4.3 Transmutations


You had one spell level left.
You knew the following spells:

 Your Spells              Type           Power        Failure   Level
a - Beastly Appendage     Tmut           24%          1%          1
b - Wereblood             Tmut           12%          2%          2
c - Spider Form           Tmut/Pois      3%           12%         3
d - Blink                 Tloc           N/A          16%         2

Your spell library contained the following spells:

 Spells                   Type           Power        Failure   Level
 Magic Dart               Conj           4%           11%         1
 Call Imp                 Summ           1%           16%         2
 Slow                     Hex            1%           16%         2
 Conjure Flame            Conj/Fire      1%           28%         3
 Mephitic Cloud           Conj/Pois/Air  1%           28%         3
 Ice Form                 Ice/Tmut       6%           38%         4
 Blade Hands              Tmut           6%           41%         5


Dungeon Overview and Level Annotations

Branches:
Dungeon (4/15)
 Temple: D:4-7

Altars:
Cheibriados
Makhleb

Annotations:
D:4 Menkaure


Innate Abilities, Weirdness & Mutations

You are completely covered in rugged brown scales. (AC +3, +7% HP)
You have supernaturally acute eyesight. (SInv)
Armour fits poorly on your strangely shaped body.
You can roll at nearby foes to attack.
You have a long armoured tail.
You have a pair of horns on your head.
You have razor-sharp toenails.


Message History

The iguana convulses!
Your body is wracked with pain!
You hit the iguana. You claw the iguana.
You kill the iguana!
Roll where?
Press: ? - help, Dir - move target, f - Menkaure
Aim: Menkaure (fast)
You roll forward with a clatter of scales!
You barely miss Menkaure. Your kick misses Menkaure.
You block Menkaure's attack. You block the hound skeleton's attack.
Unknown command.
You hit Menkaure. You claw Menkaure.
Menkaure is moderately damaged.
Menkaure points at you and mumbles some strange words.
Pain shoots through your body!
* * * LOW HITPOINT WARNING * * *
The hound skeleton barely misses you.
Unknown command.
You feel very mighty all of a sudden. Menkaure hits you!!
You die...

##### ...... ......###
######
........###########.....
......M@°...............
.......Z###########.####
........# #.# #
........# #.# #
..!.....# #.####
........# #.....
........# #######
......... ...####
.......


You could see Menkaure (fast) and a hound skeleton.

Vanquished Creatures
  An ogre (D:4)
  Blork the orc (D:4)
  A howler monkey (D:4)
  An orc wizard (D:4)
  2 iguanas (D:4)
  A worker ant (D:4)
  4 adders
  A white imp (D:3)
  5 oozes
  A worm (D:2)
  2 dart slugs (D:1)
  A leopard gecko (D:1)
  4 orcs (D:4)
  2 giant cockroaches (D:1)
  7 goblins
  6 hobgoblins
  3 kobolds
  2 quokkas (D:2)
  A ball python (D:4)
  8 bats
  7 frilled lizards
  10 rats
71 creatures vanquished.

Notes
Turn   | Place    | Note
-------+----------+-------------------------------------------
     0 | D:1      | manyhoops the Palentonga Transmuter began the quest for the
                  | Orb.
     0 | D:1      | Reached XP level 1. HP: 17/17 MP: 3/3
   382 | D:1      | Reached XP level 2. HP: 24/24 MP: 3/5
   635 | D:1      | Reached XP level 3. HP: 31/31 MP: 4/6
  1851 | D:2      | Reached XP level 4. HP: 31/38 MP: 5/7
  1932 | D:2      | Reached skill level 1 in Shields
  2076 | D:2      | You fall into a shaft and drop 1 floor!
  2076 | D:3      | Found a burning altar of Makhleb.
  2076 | D:3      | Found a snail-covered altar of Cheibriados.
  2701 | D:3      | Learned a level 2 spell: Wereblood
  2705 | D:3      | Learned a level 3 spell: Spider Form
  3086 | D:4      | Noticed an ogre
  3091 | D:4      | Killed an ogre
  3092 | D:4      | Reached XP level 5. HP: 43/43 MP: 6/8
  3158 | D:4      | Noticed Blork the orc
  3162 | D:4      | Killed Blork the orc
  3163 | D:4      | Reached XP level 6. HP: 47/51 MP: 7/9
  3166 | D:4      | Learned a level 2 spell: Blink
  3821 | D:4      | Noticed Menkaure
  3830 | D:4      | Mangled by Menkaure

Illustrated notes

Levels and vault maps discovered:
D:1:      wander_arrival_peaceful_grave, layout_basic, minmay_bisected
D:2:      layout_basic
D:3:      layout_rooms, grunt_temple_overflow_open, serial_curves,
          eino_curves_04, eino_curves_01, kennysheep_generic_room_6
D:4:      layout_basic, hangedman_decor_riveting, uniq_blork_the_orc,
          uniq_menkaure

Skill      XL: |  1  2  3  4  5  6 |
---------------+-------------------+-----
Unarmed Combat | 4 |  4.4
Fighting       | 2 |  2.1
Shields        | 3 |  3.1
Transmutations | 3 4 |  4.3
Dodging        | |  1.5
Spellcasting   | |  2.0

Action                   |  1- 3 |  4- 6 || total
-------------------------+-------+-------++-------
Melee: Unarmed           |   100 |    98 ||   198
       Tailslap          |     9 |     6 ||    15
       Kick              |     5 |    16 ||    21
       Headbutt          |     4 |     7 ||    11
 Cast: Beastly Appendage |    12 |    22 ||    34
 Abil: Rolling Charge    |       |     3 ||     3
  Use: Scroll            |       |     4 ||     4
       Potion            |       |     1 ||     1
 Stab: Sleeping          |       |     3 ||     3
Armor: Robe              |    29 |    13 ||    42
Dodge: Dodged            |    51 |    40 ||    91
Block: Buckler           |       |    13 ||    13
